 Dungeon Crawl Stone Soup version 0.20-a0-551-gc8f91ca (webtiles) character file.

159191 HereIgoKillingAgain the Executioner (level 17, -58/152 HPs)
             Began as a Hill Orc Fighter on Feb 3, 2017.
             Was the Champion of Beogh.
             Annihilated by HereIgoKillingAgain's illusion (65 damage)
             ... woven by Mara
             ... on level 4 of the Snake Pit.
             The game lasted 00:44:30 (26754 turns).

HereIgoKillingAgain the Executioner (HOFi)         Turns: 26754, Time: 00:44:31

Health: -58/152    AC: 21    Str: 35    XL:     17   Next: 73%
Magic:  21/21      EV: 19    Int: 12    God:    Beogh [******]
Gold:   363        SH:  5    Dex:  8    Spells: 16/16 levels left

rFire    . . .     SeeInvis +   K - +5 executioner's axe (elec)
rCold    . . .     Gourm    .   G - +5 ring mail of Lucidity {rN+ Int+3 Dex-4 Slay+2}
rNeg     + . .     Faith    .   (shield currently unavailable)
rPois    +         Spirit   .   L - +0 Maxwell's etheric cage {RegenMP+ *Contam rElec MP+4}
rElec    +         Reflect  +   N - +1 cloak {MR+}
rCorr    .         Harm     .   T - +2 pair of gloves
MR       ++...                  Y - +2 pair of boots of Omasagir {rPois Str+3 Dex+4}
Stlth    ..........             a - +5 amulet of reflection
Regen    0.4/turn               F - +4 ring of evasion
                                p - ring of see invisible

@: mighty, very slightly contaminated, hasted, very quick
A: walk on water, clumsy 1, deformed body, strong 1
a: Smiting, Recall Orcish Followers, Give Item to Named Follower, Resurrection,
Renounce Religion


You were on level 4 of the Snake Pit.
You worshipped Beogh.
Beogh was exalted by your worship.
You were not hungry.

You visited 4 branches of the dungeon, and saw 27 of its levels.
You also visited: Ossuary and Ice Cave.

You collected 2819 gold pieces.
You spent 2456 gold pieces at shops.

Inventory:

Hand Weapons
 I - a +0 scimitar of flaming
 K - a +5 executioner's axe of electrocution (weapon)
Armour
 i - the +3 scale mail "Donomm" {rElec MR++ Slay-3, unknown}
   (You found it on level 3 of the Snake Pit)

   It affects your accuracy and damage with ranged weapons and melee attacks
   (-3).
   It insulates you from electricity.
   It affects your resistance to hostile enchantments.
 G - the +5 ring mail of Lucidity (worn) {rN+ Int+3 Dex-4 Slay+2}
   (You found it on level 7 of the Dungeon)

   It affects your intelligence (+3).
   It affects your dexterity (-4).
   It affects your accuracy and damage with ranged weapons and melee attacks
   (+2).
   It protects you from negative energy.
 L - the +0 Maxwell's etheric cage (worn) {RegenMP+ *Contam rElec MP+4}
   (You found it on level 9 of the Dungeon)

   It insulates you from electricity.
   It affects your magic capacity (+4).
   It causes magical contamination when unequipped.
 N - a +1 cloak of magic resistance (worn)
 T - a +2 pair of gloves (worn)
 U - +0 fire dragon scales
 Y - the +2 pair of boots of Omasagir (worn) {rPois Str+3 Dex+4}
   (You bought it in a shop on level 5 of the Dungeon)

   It affects your strength (+3).
   It affects your dexterity (+4).
   It protects you from poison.
Jewellery
 a - a +5 amulet of reflection (around neck)
 p - a ring of see invisible (left hand)
 F - a +4 ring of evasion (right hand)
Wands
 b - a wand of disintegration (12/24)
Scrolls
 f - 7 scrolls of blinking
 g - 17 scrolls of remove curse
 l - 4 scrolls of magic mapping
 o - 8 scrolls of teleportation
 q - a scroll of holy word
 r - 6 scrolls of enchant armour
 s - 3 scrolls of recharging
 u - 5 scrolls of amnesia
 y - a scroll of identify
 A - 4 scrolls of immolation
 C - 4 scrolls of silence
 E - a scroll of brand weapon
 P - 5 scrolls of fog
 Z - a scroll of fear
Potions
 h - a potion of resistance
 k - 5 potions of brilliance
 m - 4 potions of ambrosia
 n - 7 potions of heal wounds
 t - 4 potions of flight
 w - 2 potions of invisibility
 z - 12 potions of curing
 B - 7 potions of lignification
 D - 3 potions of haste
 J - 4 potions of magic
 M - 3 potions of might
 R - a potion of cure mutation
 X - 2 potions of agility
Books
 c - a Fen Folio

   Spells                             Type                      Level
   a - Corpse Rot                     Necromancy                   2
   b - Stone Arrow                    Conjuration/Earth            3
   c - Leda's Liquefaction            Hexes/Earth                  4
   d - Summon Forest                  Summoning/Translocation      5
   e - Hydra Form                     Transmutation                6
   f - Summon Hydra                   Summoning                    7
 d - a book of Party Tricks

   Spells                             Type                      Level
   a - Summon Butterflies             Summoning                    1
   b - Apportation                    Translocation                1
   c - Lesser Beckoning               Translocation                3
   d - Tukima's Dance                 Hexes                        3
   e - Alistair's Intoxication        Transmutation/Poison         5
   f - Invisibility                   Hexes                        6
 e - Roxanne's Reference Book on the Rocks
   (You took it off Roxanne on level 1 of the Snake Pit)

   Spells                             Type                      Level
   a - Stone Arrow                    Conjuration/Earth            3
   b - Petrify                        Transmutation/Earth          4
   c - Iron Shot                      Conjuration/Earth            6
   d - Statue Form                    Transmutation/Earth          6
 v - a book of Minor Magic

   Spells                             Type                      Level
   a - Magic Dart                     Conjuration                  1
   b - Blink                          Translocation                2
   c - Call Imp                       Summoning                    2
   d - Repel Missiles                 Charms/Air                   2
   e - Slow                           Hexes                        2
   f - Conjure Flame                  Conjuration/Fire             3
   g - Mephitic Cloud                 Conjuration/Poison/Air       3
Comestibles
 j - 29 royal jellies
 x - 3 bread rations
 H - 8 meat rations


   Skills:
 - Level 14.2 Fighting
 + Level 26.3 Axes
 - Level 13.3 Armour
 - Level 10.0 Dodging
   Level 3.2 Shields


You had 16 spell levels left.
You didn't know any spells.

Dungeon Overview and Level Annotations

Branches:
Dungeon (15/15)            Temple (0/1) D:4            Lair (6/6) D:8
  Swamp (0/4) Lair:3        Snake (4/4) Lair:2        Slime (0/5) Lair:6
    Orc (2/2) D:12            Elf (0/3) Orc:2        Vaults (0/5) D:13
 Depths (0/5) D:15

Altars:
Ashenzari
Dithmenos
Fedhas
Kikubaaqudgha
Makhleb
Nemelex Xobeh
Okawaru
Uskayaw
Xom
Zin
Beogh
Jiyva

Shops:
D:4 ?   D:5 [   Orc:2 %!=[

Annotations:
D:10 exclusions: oklob plant and oklob sapling
Lair:2 exclusion: oklob plant
Snake:4 Mara


Innate Abilities, Weirdness & Mutations

You can walk on water.
You are clumsy. (Dex -2)
Armour fits poorly on your strangely shaped body.
Your muscles are strong. (Str +2)


Message History

Spirok roars a battlecry!
Your orc knights go into a battle-frenzy!
Boruk roars a battlecry!
Spirok goes into a battle-frenzy!
Mara blinks!
You slice Mara!!
There is a sudden explosion of sparks!
Mara is moderately wounded.
You slice HereIgoKillingAgain's illusion!!
Morun closely misses HereIgoKillingAgain's illusion.
HereIgoKillingAgain's illusion closely misses you.
The naga sharpshooter unwields an uncursed trident.
The naga sharpshooter wields an uncursed shortbow.
The naga sharpshooter mumbles some strange words.
The naga sharpshooter magically shoots an arrow.
The arrow hits you!
* * * LOW HITPOINT WARNING * * *
You swap places.
HereIgoKillingAgain's illusion hits you!!!
You die...
Beogh appreciates HereIgoKillingAgain's illusion's killing of a heretic priest.

#....<.^.o# ###.#######o#
##...#### #o# ##.......##
#.#############
####o........###o............#
...oo...........(........###.#
####o........######......# #.#
#..[.....<4ooo@.......# #.# ##
#.......[4.3o@oR..[...# #.###.
#.........######N...รท.###.##..
#...^.....# ###...[..........
#.........####........##.....)
#
#)........##...#......#..)####
# #.........#..###........#..#
#
##...............#.#######.###
#####........########.# #o...
........###### #.# ##oo..


You could see Mara, a naga sharpshooter, HereIgoKillingAgain's illusion, the
friendly Spirok the orc warlord, a friendly orc knight, the friendly Bogdar the
orc knight, the friendly Boruk the orc knight, the friendly Morun the orc high
priest, a friendly ice devil, a friendly sixfirhy and a friendly chaos spawn.

Vanquished Creatures
  Nikola (Snake:1)
  Rupert (D:14)
  Asterion (Snake:4)
  Frances (Snake:1)
  Roxanne (Snake:1)
  A nagaraja (Snake:4)
  A fire giant (D:15)
  Louise (Snake:3)
  A frost giant (IceCv)
  Snorg (Lair:4)
  A fire dragon (Lair:6)
  Erolcha (D:9)
  3 naga warriors
  Erica (D:8)
  7 anacondas
  4 hydras
  2 dancing weapons
  2 death knights
  3 centaur warriors
  6 two-headed ogres
  A death yak (Lair:6)
  5 shock serpents
  An orc high priest (Orc:1)
  A naga sharpshooter (Snake:3)
  3 skeletal warriors (D:14)
  2 salamander mystics (Snake:3)
  6 unseen horrors
  A naga ritualist (Snake:3)
  A phantasmal warrior (D:13)
  Pikel (D:8)
  2 orc knights
  5 mana vipers
  6 ugly things
  2 deep elf magi
  2 cyclopes
  2 orc sorcerers (Orc:2)
  2 manticores
  2 elephants (Lair:4)
  12 salamanders
  6 guardian serpents
  19 black mambas
  9 naga magi
  Psyche (D:8)
  2 centaur skeletons (D:12)
  7 torpor snails
  8 spiny frogs
  2 rime drakes
  2 freezing wraiths (D:13)
  6 komodo dragons
  A harpy zombie (D:15)
  6 trolls
  2 tyrant leeches (Lair:6)
  17 polar bears (IceCv)
  2 meliai (D:13)
  A queen bee (D:10)
  3 blink frogs
  8 hornets
  12 hippogriffs
  Prince Ribbit (D:8)
  A vampire (D:10)
  36 yaks
  A wraith (D:14)
  6 wyverns
  3 shadows
  5 hogs
  3 basilisks
  5 hungry ghosts
  2 steam dragons
  Grum (D:9)
  10 vampire mosquitoes
  A soldier ant (D:13)
  2 swamp worms (Lair:3)
  5 wargs
  12 water moccasins
  17 nagas
  7 porcupines
  A black bear (D:12)
  An eye of draining (D:9)
  6 orc warriors
  A phantom (D:10)
  A sky beast (D:9)
  6 ice beasts
  24 wolves
  12 ogres
  6 centaurs
  10 crocodiles
  13 bullfrogs
  A wyvern zombie (D:9)
  A wyvern skeleton (D:14)
  6 scorpions
  17 wights
  18 killer bees
  3 howler monkeys (D:11)
  An electric eel (Lair:3)
  3 centaur zombies
  5 crimson imps
  3 jellies
  2 bullfrog zombies
  4 hounds
  7 orc priests
  7 orc wizards
  3 bullfrog skeletons
  Natasha (thrice) (D:3)
  Ijyb (D:3)
  2 iguanas
  8 hell rats
  11 worker ants
  2 hound zombies (Ossuary)
  A hound skeleton (D:9)
  17 mummies (Ossuary)
  2 howler monkey zombies (Ossuary)
  A worker ant zombie (Ossuary)
  10 gnolls
  15 adders
  4 shadow imps
  4 oozes
  2 adder zombies (Ossuary)
  3 worms
  3 leopard geckos
  25 orcs
  8 giant cockroaches
  7 goblins
  8 hobgoblins
  6 jackals (D:1)
  7 quokkas
  3 ball pythons
  A ball python zombie (D:6)
  8 bats
  8 frilled lizards
  2 giant cockroach zombies (Ossuary)
  5 kobolds
  3 leopard gecko zombies (Ossuary)
  2 quokka skeletons
  7 rats
  9 fungi
  2 plants
  A withered plant (Ossuary)
692 creatures vanquished.

Vanquished Creatures (collateral kills)
  Kirke (Lair:4)
  Aizul (Snake:4)
  Nessos (D:14)
  The ghost of yrara the Cruncher, a journeyman GrFi of Gozag (D:10)
  2 hydras
  4 naga warriors
  4 anacondas
  A dancing weapon (D:13)
  5 death yaks (Lair:6)
  An orc high priest (Orc:2)
  3 shock serpents
  4 naga sharpshooters
  2 salamander mystics
  2 unseen horrors
  2 skeletal warriors (D:14)
  A naga ritualist (Snake:1)
  2 lindwurms (Lair:6)
  An orc sorcerer (Orc:1)
  3 orc knights (Orc:2)
  A manticore (D:11)
  An elephant (Lair:4)
  A deep elf mage (D:15)
  3 salamanders
  7 black mambas
  A gargoyle (D:14)
  2 naga magi
  5 spiny frogs
  3 freezing wraiths
  2 trolls
  A tyrant leech (Lair:6)
  A meliai (D:13)
  A hornet (Lair:6)
  2 blink frogs (Lair:2)
  2 dream sheep (Lair:6)
  2 hippogriffs (Lair:6)
  2 wraiths
  10 yaks
  3 basilisks
  A human (D:9)
  A hungry ghost (D:10)
  3 hogs
  4 nagas
  A swamp worm (Lair:3)
  4 water moccasins
  A porcupine (Lair:4)
  An orc warrior (Orc:2)
  A necrophage (D:13)
  A phantom (D:10)
  A wolf (Lair:2)
  4 ogres
  2 centaurs (D:11)
  6 bullfrogs
  10 killer bees (D:10)
  2 wights
  2 electric eels (Lair:2)
  2 orc priests
  A hound (D:10)
  2 bullfrog skeletons (D:12)
  4 hell rats
  2 gnolls (D:10)
  2 adders (D:10)
  A shadow imp (D:11)
  2 orcs
  2 ball pythons (D:10)
  9 fungi
  6 plants
169 creatures vanquished.

Vanquished Creatures (others)
  10 orc knights
  2 orc high priests
  4 orc sorcerers
  18 orc warriors
  8 orc wizards
  13 orc priests
  38 orcs
  3 jackals (D:2)
  A frilled lizard (D:3)
  2 rats
  A bush (D:10)
  A fungus (Lair:6)
  17 plants
118 creatures vanquished.

Grand Total: 979 creatures vanquished

Notes
Turn   | Place    | Note
-------+----------+-------------------------------------------
     0 | D:1      | HereIgoKillingAgain the Hill Orc Fighter began the quest for the Orb.
     0 | D:1      | Reached XP level 1. HP: 19/19 MP: 1/1
    37 | D:1      | Reached skill level 3 in Axes
    57 | D:1      | Reached XP level 2. HP: 26/26 MP: 2/2
   162 | D:1      | Reached skill level 4 in Axes
   270 | D:1      | Reached XP level 3. HP: 30/31 MP: 3/3
   372 | D:1      | Reached skill level 5 in Axes
   729 | D:2      | Reached XP level 4. HP: 27/39 MP: 4/4
   825 | D:2      | Found a sparkling altar of Nemelex Xobeh.
   937 | D:2      | Reached skill level 6 in Axes
  1294 | D:3      | Reached XP level 5. HP: 30/45 MP: 5/5
  1401 | D:2      | Reached skill level 7 in Axes
  1481 | D:3      | Noticed Ijyb
  1490 | D:3      | Killed Ijyb
  1764 | D:3      | Gained mutation: Armour fits poorly on your strangely shaped body. [potion of mutation]
  1764 | D:3      | Gained mutation: Your muscles are strong. (Str +2) [potion of mutation]
  1764 | D:3      | Gained mutation: You are clumsy. (Dex -2) [potion of mutation]
  1774 | D:3      | Became a worshipper of Beogh the Brigand
  1793 | D:3      | Noticed Natasha
  1801 | D:3      | Killed Natasha
  1801 | D:3      | Reached skill level 8 in Axes
  1801 | D:3      | Reached XP level 6. HP: 51/51 MP: 6/6
  1858 | D:3      | Noticed Natasha
  1867 | D:3      | Killed Natasha
  1998 | D:3      | Noticed Natasha
  2016 | D:3      | Killed Natasha
  2187 | D:4      | Found a staircase to the Ecumenical Temple.
  2318 | D:4      | Reached skill level 9 in Axes
  2805 | D:4      | Found Faeluukh's Magic Scroll Shop.
  2808 | D:4      | Bought a scroll of immolation for 45 gold pieces
  2808 | D:4      | Bought a scroll of remove curse for 39 gold pieces
  2808 | D:4      | Bought a scroll of enchant weapon for 97 gold pieces
  2808 | D:4      | Bought a scroll of random uselessness for 13 gold pieces
  2808 | D:4      | Bought a scroll of identify for 26 gold pieces
  2808 | D:4      | Bought a scroll of identify for 26 gold pieces
  2886 | D:5      | Entered Level 5 of the Dungeon
  2886 | D:5      | Found a sand-covered staircase.
  3025 | D:5      | Noticed an ice beast
  3031 | D:5      | Killed an ice beast
  3031 | D:5      | Reached skill level 10 in Axes
  3031 | D:5      | Reached XP level 7. HP: 41/57 MP: 7/7
  3125 | Ossuary  | Entered an ossuary
  3142 | Ossuary  | Reached * piety under Beogh
  3155 | Ossuary  | Reached skill level 11 in Axes
  3232 | Ossuary  | Reached XP level 8. HP: 54/64 MP: 8/8
  3331 | Ossuary  | Reached skill level 12 in Axes
  3424 | Ossuary  | Reached ** piety under Beogh
  3556 | D:5      | Found an ancient bone altar of Kikubaaqudgha.
  3556 | D:5      | Found a hide-covered altar of Uskayaw.
  3557 | D:5      | Found a shadowy altar of Dithmenos.
  3751 | D:5      | Found Kuvif's Armour Shoppe.
  3798 | D:5      | Found a shimmering altar of Xom.
  3798 | D:5      | Found a burning altar of Makhleb.
  4180 | D:6      | Reached skill level 13 in Axes
  4254 | D:6      | Noticed a hornet
  4265 | D:6      | Killed a hornet
  4619 | D:6      | Reached XP level 9. HP: 70/70 MP: 9/9
  4625 | D:6      | Reached skill level 14 in Axes
  4799 | D:6      | Reached skill level 1 in Dodging
  5149 | D:7      | Found a shattered altar of Ashenzari.
  5213 | D:7      | Found an iron altar of Okawaru.
  5305 | D:7      | Got a shimmering ring mail
  5318 | D:7      | Identified the +5 ring mail of Lucidity {rN+ Int+3 Dex-4 Slay+2} (You found it on level 7 of the Dungeon)
  5554 | D:8      | Noticed a two-headed ogre
  5568 | D:8      | Killed a two-headed ogre
  5568 | D:8      | Reached skill level 5 in Fighting
  5568 | D:8      | Reached skill level 5 in Armour
  5759 | D:8      | Reached XP level 10. HP: 64/83 MP: 10/10
  5860 | D:8      | Reached skill level 15 in Axes
  5891 | D:8      | Found a staircase to the Lair.
  5924 | D:8      | Reached *** piety under Beogh
  6023 | D:8      | Noticed Prince Ribbit
  6047 | D:8      | Noticed Psyche
  6055 | D:8      | Killed Psyche
  6127 | D:8      | Killed Prince Ribbit
  6133 | D:8      | Noticed Pikel
  6143 | D:8      | Killed Pikel
  6178 | D:8      | Noticed Erica
  6194 | D:8      | Killed Erica
  6194 | D:8      | Reached XP level 11. HP: 52/94 MP: 11/11
  6465 | D:4      | Bought a scroll of identify for 26 gold pieces
  6465 | D:4      | Bought a scroll of identify for 26 gold pieces
  6465 | D:4      | Bought a scroll of identify for 26 gold pieces
  6465 | D:4      | Bought a scroll of identify for 26 gold pieces
  6616 | D:9      | Noticed Grum
  6631 | D:9      | Reached skill level 5 in Dodging
  6633 | D:9      | Killed Grum
  7044 | D:9      | Reached skill level 16 in Axes
  7050 | D:9      | Reached **** piety under Beogh
  7074 | D:9      | Noticed a two-headed ogre
  7082 | D:9      | Killed a two-headed ogre
  7165 | D:9      | Noticed Erolcha
  7173 | D:9      | Killed Erolcha
  7572 | D:10     | Entered Level 10 of the Dungeon
  7983 | D:10     | Reached ***** piety under Beogh
  8276 | D:10     | Reached XP level 12. HP: 97/106 MP: 12/12
  8279 | D:10     | Noticed yrara's ghost (journeyman GrFi)
  8296 | D:10     | Killed yrara's ghost
  8296 | D:10     | Reached skill level 10 in Fighting
  8338 | D:10     | Found a blossoming altar of Fedhas.
  8854 | D:11     | Noticed a two-headed ogre
  8860 | D:11     | Killed a two-headed ogre
  8913 | D:11     | Noticed a centaur warrior
  8917 | D:11     | Found a frozen archway.
  8923 | D:11     | Killed a centaur warrior
  8933 | IceCv    | Entered an ice cave
  8958 | IceCv    | Reached skill level 17 in Axes
  9230 | IceCv    | Noticed a frost giant
  9248 | IceCv    | Killed a frost giant
  9248 | IceCv    | Reached skill level 10 in Armour
  9438 | IceCv    | Got a brightly glowing great mace
 10168 | D:11     | Reached XP level 13. HP: 104/116 MP: 13/13
 10348 | D:11     | Reached ****** piety under Beogh
 10726 | D:12     | Found a staircase to the Orcish Mines.
 10733 | D:12     | Found a roughly hewn altar of Beogh.
 11305 | D:13     | Gained Morbeogh as an ally
 11458 | D:13     | Your ally Morbeogh died
 11614 | D:13     | Identified the +4 great mace "Coetin" {crush, -Tele Int+7 Dex+2 Stlth+} (You found it in an ice cave)
 11725 | D:13     | Reached skill level 18 in Axes
 11759 | D:13     | Found a roughly hewn altar of Beogh.
 12020 | D:13     | Gained Spirok as an ally
 12130 | D:13     | Found a gate to the Vaults.
 12391 | D:14     | Noticed Rupert
 12401 | D:14     | Reached skill level 19 in Axes
 12401 | D:14     | Reached XP level 14. HP: 111/127 MP: 14/14
 12406 | D:14     | Noticed Nessos
 12414 | D:14     | Killed Rupert
 12431 | D:14     | Killed Nessos
 12659 | D:14     | Reached XP level 15. HP: 101/134 MP: 15/15
 13298 | D:14     | Reached skill level 20 in Axes
 13696 | D:15     | Entered Level 15 of the Dungeon
 13957 | D:15     | Noticed a fire giant
 14212 | Lair:1   | Entered Level 1 of the Lair of Beasts
 15271 | Lair:2   | Found a staircase to the Snake Pit.
 15835 | Lair:2   | Got a faintly glowing leather armour
 15836 | Lair:2   | Identified the +4 leather armour "Rugorghe" {Regen+ Str+9 Dex-4 SInv} (You found it on level 2 of the Lair of Beasts)
 16359 | Lair:3   | Found a staircase to the Swamp.
 16679 | Lair:4   | Gained Bogdar as an ally
 16704 | Lair:4   | Noticed Kirke
 16716 | Lair:4   | Killed Kirke
 16731 | Lair:4   | Gained Morun as an ally
 16926 | Lair:4   | Reached skill level 10 in Dodging
 16969 | Lair:4   | Noticed Snorg
 17061 | Lair:4   | Killed Snorg
 17950 | Lair:5   | Reached skill level 21 in Axes
 18125 | Lair:5   | Reached XP level 16. HP: 83/146 MP: 16/16
 18670 | Lair:6   | Entered Level 6 of the Lair of Beasts
 18710 | Lair:6   | Gained Blodwig as an ally
 18884 | Lair:6   | Paralysed by a hornet for 1 turns
 18890 | Lair:6   | Found a viscous altar of Jiyva.
 18890 | Lair:6   | Found a staircase to the Slime Pits.
 18980 | Lair:6   | Paralysed by a hornet for 2 turns
 19116 | Lair:6   | Got a shimmering golden ring
 19153 | Lair:6   | Found a runed door.
 19248 | Lair:6   | Reached skill level 22 in Axes
 20230 | D:15     | Found a staircase to the Depths.
 20422 | D:15     | Found a glowing silver altar of Zin.
 20667 | D:5      | Bought the +2 pair of boots of Omasagir {rPois Str+3 Dex+4} for 565 gold pieces
 20674 | D:5      | Identified the ring "Ofoddyn" {*Tele Int+4 Dex+4} (You found it on level 6 of the Lair of Beasts)
 20844 | Orc:1    | Entered Level 1 of the Orcish Mines
 21197 | Orc:2    | Entered Level 2 of the Orcish Mines
 21333 | Orc:2    | Found a staircase to the Elven Halls.
 21391 | Orc:2    | Your ally Blodwig died
 21534 | Orc:2    | Reached skill level 23 in Axes
 21546 | Orc:2    | Found Qokyom's Food Boutique.
 21546 | Orc:2    | Found Korud's Armour Emporium.
 21550 | Orc:2    | Found Cowiggeo's Distillery.
 21550 | Orc:2    | Found Fuvutz's Jewellery Emporium.
 21628 | Orc:2    | Bought a +5 amulet of reflection for 453 gold pieces
 21628 | Orc:2    | Bought a cursed ring of teleportation for 49 gold pieces
 21628 | Orc:2    | Bought an uncursed ring of poison resistance for 220 gold pieces
 21628 | Orc:2    | Bought a +1 ring of slaying for 66 gold pieces
 21634 | Orc:2    | Bought a cursed ring of loudness for 49 gold pieces
 21635 | Orc:2    | Bought a potion of heal wounds for 80 gold pieces
 21635 | Orc:2    | Bought a potion of haste for 160 gold pieces
 21635 | Orc:2    | Bought a potion of heal wounds for 80 gold pieces
 21635 | Orc:2    | Bought a potion of haste for 160 gold pieces
 21635 | Orc:2    | Bought a potion of agility for 64 gold pieces
 21635 | Orc:2    | Bought a potion of resistance for 160 gold pieces
 22037 | Snake:1  | Entered Level 1 of the Snake Pit
 22248 | Snake:1  | Noticed Frances
 22257 | Snake:1  | Killed Frances
 22340 | Snake:1  | Noticed Roxanne
 22362 | Snake:1  | Killed Roxanne
 22363 | Snake:1  | Identified Roxanne's Reference Book on the Rocks (You took it off Roxanne on level 1 of the Snake Pit)
 22488 | Snake:1  | Noticed Nikola
 22501 | Snake:1  | Killed Nikola
 22639 | Snake:1  | Reached skill level 24 in Axes
 23314 | Snake:2  | Identified 2 scrolls of acquirement
 23371 | Snake:2  | Reached XP level 17. HP: 141/152 MP: 17/17
 24487 | Snake:3  | Reached skill level 25 in Axes
 25091 | Snake:3  | Got an amber-encrusted scale mail
 25643 | Snake:3  | Noticed Louise
 25669 | Snake:3  | Killed Louise
 25955 | Snake:3  | Gained Boruk as an ally
 26354 | Snake:4  | Entered Level 4 of the Snake Pit
 26461 | Snake:4  | Noticed Aizul
 26469 | Snake:4  | Reached skill level 26 in Axes
 26474 | Snake:4  | Killed Aizul
 26715 | Snake:4  | Noticed Mara
 26732 | Snake:4  | Noticed HereIgoKillingAgain's illusion
 26736 | Snake:4  | Noticed Asterion
 26749 | Snake:4  | Killed Asterion
 26753 | Snake:4  | HP: 7/152 [naga sharpshooter/arrow (12)]
 26754 | Snake:4  | Annihilated by HereIgoKillingAgain's illusion

Vault maps used:
D:1:      evilmike_arrival_plus
D:2:      nemelex_altar_shiori
D:3:      grunt_ministairs_9, uniq_natasha, uniq_iyjb
D:4:      minmay_temple_entry_crystal_x, first_bread, serial_shops,
          nicolae_shop_trees
D:5:      grunt_temple_overflow_champion_of_chaos,
          gammafunk_temple_overflow_forgotten, serial_shops,
          nicolae_shop_crystal, nicolae_ossuary_entry_false_entrances
D:7:      nicolae_overflow_hidden_temple, lemuel_doored_altar
D:8:      erik_lair_dragon, uniq_erica, uniq_pikel, uniq_prince_ribbit1,
          uniq_psyche
D:9:      grunt_livestock, uniq_grum, uniq_erolcha
D:10:     special_room, introduction_to_nature_2
D:11:     portal_ice_cave_entry_pillars_1
D:12:     minmay_orc_entry_temple_small
D:13:     erik_vaults_1, special_room, solitary_fountain
D:14:     hangedman_decor_opposing, uniq_rupert, uniq_nessos
D:15:     grunt_enter_depths_giant_problem, zin_angel
Lair:2:   minmay_snake_entry_guardpost_small, minmay_lair_oklob_chamber
Lair:3:   nicolae_swamp_entry_splash_gauntlet, infiniplex_staircase_pool
Lair:4:   uniq_snorg, uniq_kirke
Lair:5:   grunt_megastairs_1
Lair:6:   wormcave, dpeg_slime_entry_enclosed_altar, hibernation_bobbens
Snake:1:  uniq_nikola, uniq_frances, uniq_roxanne
Snake:2:  nrook_guardian_serpent_ordinary, serial_bayou_shore_b,
          grunt_megastairs_4
Snake:3:  uniq_louise
Snake:4:  grunt_snake_rune_serpentine_throne, stair_cage_line, uniq_aizul,
          uniq_bai_suzhen, uniq_asterion, uniq_mara
Orc:2:    grunt_orc_tribal_feast
Ossuary:  ossuary_zaba_flooded
IceCv:    ice_cave_small_giant

Skill      XL: |  1  2  3  4  5  6  7  8  9 10 11 12 13 14 15 16 17 |
---------------+----------------------------------------------------+-----
Axes           | 3 4 5 6 8 10 11 13 14 15 16 17 19 21 24 26 | 26.3
Dodging        | 3 4 6 7 8 9 10 | 10.0
Fighting       | 5 8 9 11 12 14 | 14.2
Armour         | 5 7 9 10 11 12 13 | 13.3
Shields        | |  3.2

Action                   |  1- 3 |  4- 6 |  7- 9 | 10-12 | 13-15 | 16-18 || total
-------------------------+-------+-------+-------+-------+-------+-------++-------
Melee: War axe           |    82 |   246 |   334 |   722 |    67 |       ||  1451
       Hand axe          |       |       |       |       |   111 |       ||   111
       Battleaxe         |       |       |       |       |    98 |       ||    98
       Scimitar          |       |       |       |       |    12 |       ||    12
       Executioner's axe |       |       |       |       |   310 |   527 ||   837
Invok: Convert to Beogh  |       |     1 |       |       |       |       ||     1
       Smiting           |       |       |     2 |       |       |       ||     2
       Recall Orcish Fol |       |       |       |     6 |    10 |    16 ||    32
       Give Item to Name |       |       |       |       |     1 |       ||     1
Evoke: Wand              |       |       |       |     2 |       |     1 ||     3
  Use: Potion            |       |     6 |     4 |     5 |     3 |     5 ||    23
       Scroll            |       |     7 |     7 |     6 |    18 |     5 ||    43
 Stab: Invisible         |       |       |       |     3 |       |       ||     3
       Distracted        |       |       |       |     1 |     5 |     6 ||    12
  Eat: Chunk             |       |     1 |     1 |     2 |       |     2 ||     6
       Bread ration      |       |     1 |       |     2 |     4 |     4 ||    11
       Meat ration       |       |       |     4 |     1 |     1 |     1 ||     7
       Fruit             |       |       |       |       |       |     5 ||     5
Armor: Scale mail        |    37 |    82 |    64 |       |       |       ||   183
       Ring mail         |       |       |    13 |   221 |   193 |    66 ||   493
       Fire dragon scale |       |       |       |       |       |    64 ||    64
Dodge: Dodged            |    39 |    88 |    78 |   393 |   468 |   334 ||  1400
Block: Shield            |    54 |   122 |    94 |   321 |    57 |       ||   648
       Other             |       |       |       |       |       |    54 ||    54
       Reflection        |       |       |       |       |       |     3 ||     3
       Rpst.: Scimitar   |       |       |       |       |     2 |       ||     2
